 BcadrenCrawl: Boulder Brew version 0.03.3.1 (webtiles) character file.

Game seed: 16168275507210229502, levelgen mode: deterministic

156 Chiseanne the Ducker (level 5, -2/36 HPs) Goblin Demonspawn. Began on Mar 13, 2021. Slain by a water moccasin (10 damage) ... on level 2 of the Dungeon. The game lasted 00:04:02 (1327 turns).

Chiseanne the Ducker (Goblin Demonspawn)            Turns: 1327, Time: 00:04:03

Health: -2/36      AC:  3    Str:  8    XL:     5 ^: 45
Magic:  6/6        EV: 15    Int:  6    God:
Gold:   76         SH:  0    Dex:  6    Spells: 5/6 levels left

rFire    . . .     Vision   .   a - +0 war axe
rCold    . . .     Gourm    .   (weapon restricted)
rNeg     . . .     Faith    .   b - +0 leather armour
rPois    .         Spirit   .   (helmet unavailable)
rElec    .         Reflect  .   (no cloak)
rCorr    .         Harm     .   (no gloves)
MR       .....                  (no boots)
Stlth    ++........             j - amulet of rage
HPRegen  0.22/turn              k - ring of stealth
MPRegen  0.16/turn              (no ring)

@: lethally poisoned (-2 -> -44)
A: small, stagnant stats, goblin's greed, horns 3, low mp 1, mutation resistance
1, god's pity 2
a: Evoke Berserk Rage


You were on level 2 of the Dungeon.
You were hungry.

You visited 1 branch of the dungeon, and saw 2 of its levels.

You collected 63 gold pieces.

Inventory:

Weapons
 a - a +0 war axe (weapon)
Armour
 b - a +0 leather armour (worn)
Jewellery
 g - an uncursed amulet of magic regeneration
 j - an amulet of rage (around neck)
 k - a ring of stealth (left hand)
Scrolls
 c - a scroll of teleportation
 e - a scroll of blinking
 h - a scroll of holy word
 i - 3 scrolls of magic mapping
Potions
 m - a potion of magic
Comestibles
 d - 4 rations
 l - a chunk of flesh


   Skills:
 * Level 3.6 Fighting
 + Level 3.7 Axes & Hammers
 + Level 2.1 Armour
 * Level 5.3 Dodging
 - Level 2.6 Stealth
 - Level 1.3 Spellcasting
 - Level 2.6 Fire Magic
   Level 4.0 Invocations


You had 5 spell levels left.
You knew the following spells:

 Your Spells              Type           Power        Failure   Level  Hunger
a - Flame Tongue          Fire           3 (30)       17%         1    ##.....

Your spell library contained the following spells:

 Spells                   Type           Power        Failure   Level  Hunger
 Conjure Flame            Fire           3 (100)      45%         3    ####...
 Blink                    Tloc           N/A          61%         2    ###....
 Call Imp                 Summ           0 (100)      61%         2    ###....
 Slow                     Hex            0 (100)      61%         2    ###....
 Mephitic Cloud           Pois/Air       0 (100)      83%         3    ####...


Dungeon Overview and Level Annotations

Branches:
Dungeon (2/8)

Altars:


Innate Abilities, Weirdness & Mutations

Your stats never grow through leveling.
Your goblin ancestry allows you to find more gold. (+20%)
You are small and have problems with some larger weapons.
You have a pair of large horns on your head.
Your magical capacity is low. (-10% MP)
You are somewhat resistant to further mutation.
The pity of the gods increases the power of your passive and invoked divine abilities.


Message History

The water moccasin bites you (6).
* * * LOW HITPOINT WARNING * * *
You are more poisoned.
The water moccasin poisons you (17)!
You feel much better.
You feel very sick. (3)
The water moccasin bites you (3).
You closely miss the water moccasin. You hit the water moccasin (1).
You feel very sick. (4)
The water moccasin barely misses you (0).
The water moccasin bites you (6).
You are more poisoned.
The water moccasin poisons you (16)!
You closely miss the water moccasin. You barely miss the water moccasin.
* * * LOW HITPOINT WARNING * * *
You feel very sick. (5)
The water moccasin bites you (2).
* * * LOW HITPOINT WARNING * * *
The water moccasin bites you (10)!
You die...

##..≈≈≈≈.#
.≈#.≈b≈≈.#
...≈≈≈≈.#
###.≈≈...#
#;≈≈...≈.####
#≈≈≈≈≈.≈≈≈# ###
#≈≈≈≈≈≈.#####≈##
#≈≈≈≈÷≈#≈##≈.≈≈#
#≈≈≈b≈≈##S@###.#
#≈≈≈≈≈P##≈##≈.≈#
#≈≈≈≈≈P####≈#≈##
#≈≈≈≈PP ##≈####
#≈≈≈≈≈P##..#
#≈≈≈≈PP##≈##
#≈≈≈≈≈.##≈≈##
#..≈≈..####[#
#≈≈≈≈≈.# #≈≈#


You could see a water moccasin.

Vanquished Creatures
  13 sewer rats (D:2)
  A cinder newt (D:1)
  2 oozes (D:2)
  A dart slug (D:1)
  A leopard gecko (D:1)
  A ball python (D:2)
  6 hobgoblins (D:1)
  A bat (D:1)
  A kobold (D:1)
  2 withered plants (D:2)
29 creatures vanquished.

Vanquished Creatures (collateral kills)
  A sewer rat (D:1)
1 creature vanquished.

Vanquished Creatures (others)
  A ball python (D:2)
  46 withered plants (D:2)
47 creatures vanquished.

Grand Total: 77 creatures vanquished

Notes
Turn   | Place    | Note
-------+----------+-------------------------------------------
     0 | D:1      | Chiseanne the Goblin Demonspawn began the quest for the
                  | Orb.
     0 | D:1      | Reached XP level 1. HP: 13/13 MP: 2/2
   208 | D:1      | Gained mutation: You have a pair of small horns on your
                  | head. [demonic ancestry]
   208 | D:1      | Reached XP level 2. HP: 15/19 MP: 3/3
   448 | D:1      | Gained mutation: You have a pair of horns on your head.
                  | [demonic ancestry]
   448 | D:1      | Reached XP level 3. HP: 24/24 MP: 4/4
   675 | D:1      | Reached skill level 1 in Armour
  1005 | D:2      | Reached XP level 4. HP: 24/30 MP: 5/5
  1139 | D:2      | Reached skill level 5 in Dodging
  1139 | D:2      | Gained mutation: You have a pair of large horns on your
                  | head. [demonic ancestry]
  1139 | D:2      | Reached XP level 5. HP: 19/36 MP: 6/6
  1308 | D:2      | Noticed a water moccasin
  1324 | D:2      | HP: 1/36 [water moccasin (6)]
  1327 | D:2      | Slain by a water moccasin

Levels and vault maps discovered:
D:1:      erik_arrival_triangle_small, layout_loops_ring
D:2:      layout_sewer, nicolae_gozag_seed_capital, first_ration, serial_shops,
          nicolae_shop_stone, minmay_quantized, uniq_robin, uniq_eustachio

Skill      XL: |  1  2  3  4  5 |
---------------+----------------+-----
Fighting       | 2 3 |  3.6
Axes & Hammers | 3 |  3.7
Armour         | 1 2 |  2.1
Dodging        | 5 |  5.3
Stealth        | |  2.6
Spellcasting   | |  1.3
Fire Magic     | |  2.6
Invocations    | |  4.0

Action                   |  1- 3 |  4- 6 || total
-------------------------+-------+-------++-------
Melee: War axe           |    58 |    65 ||   123
       Unarmed           |    46 |    55 ||   101
  Use: Potion            |     2 |     2 ||     4
       Scroll            |     1 |       ||     1
 Stab: Sleeping          |     2 |     1 ||     3
  Eat: Chunk             |       |     1 ||     1
Armor: Leather armour    |    14 |     4 ||    18
Dodge: Dodged            |    71 |    97 ||   168
